 Dungeon Crawl Stone Soup version 0.23.0-3-gf3c87f2df8 (webtiles) character file.

Game seed: 14878958887811489878

98 Kisielow the Covered (level 4, -2/40 HPs)
             Began as a Minotaur Fighter on Feb 25, 2019.
             Killed from afar by an orc wizard (5 damage)
             ... with a puff of flame
             ... on level 3 of the Dungeon.
             The game lasted 00:02:18 (1687 turns).

Kisielow the Covered (Minotaur Fighter)             Turns: 1687, Time: 00:02:20

Health: -2/40      AC:  9    Str: 27    XL:     4   Next: 44%
Magic:  3/3        EV:  7    Int:  5    God:
Gold:   95         SH:  0    Dex:  9    Spells: 3/3 levels left

rFire    . . .     SeeInvis .   a - +0 war axe
rCold    . . .     Gourm    .   c - +0 shield
rNeg     . . .     Faith    .   b - +0 scale mail
rPois    .         Spirit   .   k - +2 hat
rElec    .         Reflect  .   (no cloak)
rCorr    .         Harm     .   (no gloves)
MR       .....                  (no boots)
Stlth    ..........             (no amulet)
HPRegen  0.13/turn              (no ring)
MPRegen  0.08/turn              (no ring)

@: confused, mighty
A: retaliatory headbutt, horns 2
a: no special abilities


You were on level 3 of the Dungeon.
You were hungry.

You visited 1 branch of the dungeon, and saw 3 of its levels.

You collected 95 gold pieces.

Inventory:

Hand Weapons
 a - a +0 war axe (weapon)
Armour
 b - a +0 scale mail (worn)
 c - a +0 shield (worn)
 k - a +2 hat (worn)
Jewellery
 g - a cursed -2 ring of dexterity {unknown}
Scrolls
 e - a scroll of teleportation {unknown}
 h - 4 scrolls of enchant armour {unknown}
 i - a scroll of immolation {unknown}
 j - a scroll of identify {unknown}
 n - 4 scrolls of fog {unknown}
 q - a scroll of remove curse {unknown}
 r - a scroll of fear {unknown}
 s - a scroll of amnesia {unknown}
Potions
 d - 3 potions of might
 l - a potion of heal wounds {unknown}
 m - 2 potions of curing {unknown}
 o - 2 potions of degeneration {unknown}
 p - a potion of haste {unknown}
Comestibles
 f - 4 rations


   Skills:
 + Level 4.2 Fighting
 * Level 4.1 Axes
 + Level 4.3 Armour
 + Level 4.2 Shields


You had 3 spell levels left.
You didn't know any spells.
Your spell library was empty.

Dungeon Overview and Level Annotations

Branches:
Dungeon (3/15)

Altars:


Innate Abilities, Weirdness & Mutations

You reflexively headbutt those who attack you in melee.
You have a pair of horns on your head.


Message History

Something hits you but does no damage. The orc hits you but does no damage.
The orc hits you but does no damage.
You completely miss the orc. You headbutt the orc.
You kill the orc!
You slash the frilled lizard!
You kill the frilled lizard!
You miss something. Something hits you but does no damage.
You're too confused to move!
Something hits you but does no damage.
You bump into the rock wall.
You hear some strange, mumbled words.
You are more confused.
You completely miss something. Something hits you.
* * * LOW HITPOINT WARNING * * *
Your shield and scale mail prevent you from hitting something.
Something hits you.
* * * LOW HITPOINT WARNING * * *
You hear some strange, mumbled words.
A puff of flame appears from out of thin air!
The puff of flame hits you.
You die...

## .# .# .#
#.######.#
#....<)@.#
#..#).)†.#
#........#
##.......+
#.......#
.........#
..........#
.....#.....
....+...[.


There were no monsters in sight!

Vanquished Creatures
  An orc wizard (D:3)
  2 adders (D:2)
  A leopard gecko (D:2)
  3 orcs (D:3)
  2 giant cockroaches
  5 goblins
  6 hobgoblins
  4 jackals (D:2)
  2 ball pythons
  5 bats
  3 frilled lizards
  8 kobolds
  6 rats
48 creatures vanquished.

Notes
Turn   | Place    | Note
-------+----------+-------------------------------------------
     0 | D:1      | Kisielow the Minotaur Fighter began the quest for the Orb.
     0 | D:1      | Reached XP level 1. HP: 19/19 MP: 0/0
   319 | D:1      | Reached XP level 2. HP: 26/27 MP: 1/1
   982 | D:2      | Reached XP level 3. HP: 33/33 MP: 2/2
  1674 | D:3      | Reached XP level 4. HP: 24/40 MP: 3/3
  1687 | D:3      | Killed from afar by an orc wizard

Skill      XL: |  1  2  3 |
---------------+----------+-----
Axes           | 3 4 |  4.1
Fighting       | 4 |  4.2
Shields        | 4 |  4.2
Armour         | 4 |  4.3

Action                   |  1- 3 |  4- 6 || total
-------------------------+-------+-------++-------
Melee: War axe           |    84 |     8 ||    92
       Headbutt          |    13 |     2 ||    15
  Use: Potion            |       |     1 ||     1
  Eat: Chunk             |     2 |       ||     2
Armor: Scale mail        |    42 |    17 ||    59
Dodge: Dodged            |    35 |     9 ||    44
Block: Shield            |    45 |       ||    45
